 Dungeon Crawl Stone Soup version 0.20.1-1-g8b1a95d (webtiles) character file.

109 dohliylev the Sneak (level 4, -4/30 HPs)
             Began as a Vampire Enchanter on Aug 9, 2017.
             Slain by a hornet (16 damage)
             ... on level 3 of the Dungeon.
             The game lasted 00:07:35 (2162 turns).

dohliylev the Sneak (Vampire Enchanter)             Turns: 2162, Time: 00:07:36

Health: -4/30      AC:  2    Str:  7    XL:     4   Next: 59%
Magic:  5/7        EV: 13    Int: 18    God:
Gold:   122        SH:  0    Dex: 14    Spells: 4/7 levels left

rFire    . . .     SeeInvis +   a - +0 dagger (venom)
rCold    . . .     Gourm    .   (no shield)
rNeg     . . .     Faith    +   b - +0 robe
rPois    .         Spirit   .   (no helmet)
rElec    .         Reflect  .   (no cloak)
rCorr    .         Harm     .   (no gloves)
MR       .....                  (no boots)
Stlth    +++.......             h - amulet of faith
Regen    0.3/turn               (no ring)
MPRegen  0.1/turn               (no ring)

@: regenerating quickly, slowed, very slow
A: fangs 3, see invisible, unbreathing
a: no special abilities


You were on level 3 of the Dungeon.
You were full.

You visited 1 branch of the dungeon, and saw 3 of its levels.

You collected 122 gold pieces.

Inventory:

Hand Weapons
 a - a +0 dagger of venom (weapon)
Armour
 b - a +0 robe (worn)
Jewellery
 h - an amulet of faith (around neck)
 i - an uncursed ring of ice {unknown}
 m - an uncursed ring of protection from cold {unknown}
Wands
 n - a wand of iceblast (7/15)
Scrolls
 f - 4 scrolls of identify {unknown}
 j - a scroll of fog {unknown}
 l - 2 scrolls of random uselessness {unknown}
 p - 2 scrolls of remove curse {unknown}
Potions
 d - 13 potions of blood
 e - a potion of resistance {unknown}
 g - a potion of degeneration {unknown}
 o - a potion of haste {unknown}
Books
 c - a book of Maledictions

   Spells                             Type                      Level
   a - Corona                         Hexes                        1
   b - Ensorcelled Hibernation        Hexes/Ice                    2
   c - Confuse                        Hexes                        3
   d - Tukima's Dance                 Hexes                        3
   e - Dazzling Spray                 Conjuration/Hexes            3


   Skills:
 + Level 0.1 Fighting
 + Level 2.3 Short Blades
 + Level 2.7 Dodging
 + Level 6.2 Stealth
 + Level 2.2 Spellcasting
 + Level 5.1 Hexes
 + Level 0.4 Ice Magic


You had 4 spell levels left.
You knew the following spells:

 Your Spells              Type           Power        Failure   Level  Hunger
a - Corona                Hex            ###....      2%          1    #......
b - Ensorcelled Hibernat  Hex/Ice        ##....       9%          2    ##.....


Dungeon Overview and Level Annotations

Branches:
Dungeon (3/15)

Altars:
The Shining One


Innate Abilities, Weirdness & Mutations

Your natural rate of healing is unusually fast.
You have razor-sharp teeth.
You have supernaturally acute eyesight. (SInv)
You can survive without breathing.


Message History

The hornet stings you!
You are poisoned.
You feel yourself slow down.
Casting: Ensorcelled Hibernation
Confirm with . or Enter, or press ? or * to list all spells.
Aiming: Ensorcelled Hibernation
Press: ? - help, Shift-Dir - straight line, f - hornet
Aim: a hornet (chance to defeat MR: 33%)
The hornet easily resists.
You feel yourself speed up.
You feel sick. The hornet stings you.
You feel yourself slow down. The hornet stings you!
* * * LOW HITPOINT WARNING * * *
You are lethally poisoned!
You feel as though you will be slow longer.
It was a potion of curing.
You feel better.
The hornet stings you but does no damage.
The hornet stings you!
Ouch! That really hurt!
You die...

.$... #########.#
#.#.##.....#....#
.<..............#
#y#.#...........#####.#
#.#...................#
#
#................######
#.##.##S.#####.##.###
#:......y#####.##.#
####.###.@.....##.# #.#
###.....##.# #.#
#..........#
#.###.#.....####
#.....##....#
#.........#.#
####......#.#
##.##.##.# #.......#


You could see a hornet and an adder.

Vanquished Creatures
  5 adders (D:2)
  An ooze (D:2)
  2 worms (D:2)
  A dart slug (D:1)
  2 leopard geckos (D:1)
  2 giant cockroaches
  9 goblins
  10 hobgoblins
  2 jackals (D:2)
  2 kobolds (D:1)
  2 quokkas (D:2)
  7 bats
  2 rats
47 creatures vanquished.

Notes
Turn   | Place    | Note
-------+----------+-------------------------------------------
     0 | D:1      | dohliylev the Vampire Enchanter began the quest for the Orb.
     0 | D:1      | Reached XP level 1. HP: 13/13 MP: 3/3
   216 | D:1      | Reached XP level 2. HP: 15/19 MP: 1/5
   220 | D:1      | Learned a level 2 spell: Ensorcelled Hibernation
   503 | D:1      | Reached skill level 5 in Stealth
   917 | D:1      | Reached XP level 3. HP: 24/24 MP: 3/6
  1099 | D:2      | Found a glowing golden altar of the Shining One.
  1132 | D:2      | Reached XP level 4. HP: 25/30 MP: 4/7
  1743 | D:2      | Reached skill level 6 in Stealth
  1808 | D:2      | Reached skill level 5 in Hexes
  2154 | D:3      | Noticed a hornet
  2162 | D:3      | Slain by a hornet

Skill      XL: |  1  2  3  4 |
---------------+-------------+-----
Stealth        | 5 6 |  6.2
Short Blades   | 2 |  2.3
Hexes          | 5 |  5.1
Fighting       | |  0.1
Dodging        | |  2.7
Spellcasting   | |  2.2
Ice Magic      | |  0.4

Action                   |  1- 3 |  4- 6 || total
-------------------------+-------+-------++-------
Melee: Dagger            |    93 |    24 ||   117
       Bite              |     4 |       ||     4
 Cast: Corona            |     5 |     1 ||     6
       Ensorcelled Hiber |    13 |    24 ||    37
  Use: Potion            |       |     1 ||     1
 Stab: Sleeping          |    15 |    11 ||    26
  Eat: Corpse            |    11 |     5 ||    16
Armor: Robe              |    24 |     2 ||    26
Dodge: Dodged            |    70 |    14 ||    84
